[Event "*** SCC Grand Prix: Titled Tuesday Blitz"]
[Site "Chess.com"]
[Date "2020.06.09"]
[Round "7"]
[White "albi1999"]
[Black "Shoooting_Star"]
[Result "1-0"]
[WhiteElo "2577"]
[BlackElo "2705"]
[TimeControl "180+1"]
[EndTime "10:18:23 PDT"]
[Termination "albi1999 won by checkmate"]

1. d4 d5 2. Nf3 Nf6 3. c4 e6 4.
g3 dxc4 5. Bg2 Bb4+ 6. Bd2 a5 7. Qc2 Bxd2+ 8. Qxd2 c6 9. a4 Ne4 10. Qf4 Qb6 11. Ne5 Qb4+ 12. Nd2 Nxd2 13. Qxf7+ Kd8 14.
Qxg7 Nb3+ 15. Kf1 Nxa1 16. Qxh8+ Kc7 17. Nf7 Qe7 18. Qe5+ Kb6 19. Nd6 Na6 20. Nxc4+ Ka7 21. h4 Nb3 22. h5 Bd7 23. Rh4 Qb4 24. Nd6 Nd2+ 25. Kg1 Qxb2 26. Qg7 Qb1+ 27. Kh2 Rd8 28. Rf4 Nf1+ 29. Bxf1 Qxf1 30. Rf7 Nb8 31. Qxh7 Qxe2 32.
Qg6 c5 33. Qg5 Bc6 34. Qxc5+ Ka6 35. Nc4 Nd7 36. Qxa5# 1-0

[Event "*** SCC Grand Prix: Titled Tuesday Blitz"]
[Site "Chess.com"]
[Date "2020.06.09"]
[Round "7"]
[White "Kimster98"]
[Black "Boninknights"]
[Result "0-1"]
[WhiteElo "2538"]
[BlackElo "2346"]
[TimeControl "180+1"]
[EndTime "10:18:24 PDT"]
[Termination "Boninknights won by resignation"]

1. d4 Nf6 2. Bf4 d6 3. Nc3 Nbd7 4. Nf3 c5 5. d5 g6 6. Qd2 Qa5 7. e4 a6 8. e5 dxe5 9. Nxe5 Nxe5 10. Bxe5 Bg7 11. d6 O-O 12. dxe7 Re8 13. O-O-O Be6 14. Qg5 h6 15. Qf4 Nh5 16. Qe3 Bxa2 17. Bxg7 Nxg7 18. Qxh6 Nf5 19. Qg5 Be6 20. Bd3 Nxe7 21. Ne4 Nd5 22. Nf6+ Nxf6 23. Qxf6 Rad8 24. h4 c4 25. h5 cxd3 26.
hxg6 d2+ 0-1

[Event "*** SCC Grand Prix: Titled Tuesday Blitz"]
[Site "Chess.com"]
[Date "2020.06.09"]
[Round "7"]
[White "PawnEatingZombie"]
[Black "mfwagnerpeixoto"]
[Result "0-1"]
[WhiteElo "2113"]
[BlackElo "2264"]
[TimeControl "180+1"]
[EndTime "10:18:25 PDT"]
[Termination "mfwagnerpeixoto won by checkmate"]

1. d4 Nf6 2. c4 e5 3. dxe5 Ng4 4. Bf4 Nc6 5. Nf3 Bb4+ 6. Nbd2 Qe7 7. e3 Ngxe5 8. Nxe5 Nxe5 9. Be2 b6 10. O-O Bb7 11. Nb3 g5 12. Bg3 h5 13. f4 Ng4 14.
Bxg4 hxg4 15. Qxg4 O-O-O 16. fxg5 Qxe3+ 17. Kh1 Rdg8 18.
Qf4 Qxf4 19. Bxf4 Rh4 20. Kg1 Rg4 21. g3 Rh8 22. Rf2 a5 23. a3 Be7 24. Re2 Bxg5 25. Bxg5 Rxg5 26. Rf1 f5 27. Nd4 Rhh5 28.
Ref2 Be4 29. b4 Rxg3+ 30. hxg3 Rh1# 0-1

[Event "*** SCC Grand Prix: Titled Tuesday Blitz"]
[Site "Chess.com"]
[Date "2020.06.09"]
[Round "7"]
[White "Gloomy_Wanderer"]
[Black "mbojan"]
[Result "1-0"]
[WhiteElo "2792"]
[BlackElo "2640"]
[TimeControl "180+1"]
[EndTime "10:18:29 PDT"]
[Termination "Gloomy_Wanderer won by resignation"]

1. d4 Nf6 2. Nf3 g6 3. c4 c5 4. g3 Bg7 5. Bg2 O-O 6. Nc3 cxd4 7. Nxd4 Nc6 8. O-O Nxd4 9. Qxd4 d6 10. Qd3 Nd7 11. b3 Ne5 12. Qd2 Nc6 13. Bb2 Be6 14. Rfd1 Qa5 15. Rac1 Rfc8 16. h4 h5 17. Nd5 Qxa2 18.
Rc3 Bxd5 19. Ra1 Qxa1+ 20. Bxa1 Bxg2 21. Kxg2 a5 22. Rc1 Bxa1 23. Rxa1 b6 24. Qe3 Rab8 25.
Rd1 Ne5 26. Rd5 Rc5 27. f4 Nc6 28. Kh3 Rc8 29. g4 hxg4+ 30. Kxg4 e6 31. Rxd6 Ne7 32. Qd3 Nf5 33. Rd8+ Rxd8 34. Qxd8+ Kg7 35. e4 Nh6+ 36.
Kf3 Rc6 37. Qd7 Rc5 38. Qd6 Rh5 39. Qxb6 Rxh4 40. c5 Rh3+ 41. Kg2 Rc3 42. c6 Ng4 43. Qd4+ 1-0

[Event "*** SCC Grand Prix: Titled Tuesday Blitz"]
[Site "Chess.com"]
[Date "2020.06.09"]
[Round "7"]
[White "LisikValera"]
[Black "ecwinslow"]
[Result "1-0"]
[WhiteElo "2473"]
[BlackElo "2256"]
[TimeControl "180+1"]
[EndTime "10:18:29 PDT"]
[Termination "LisikValera won on time"]

1. d4 Nf6 2. c4 g6 3. Nc3 Bg7 4.
e4 O-O 5. Nf3 d6 6. Be2 c5 7. d5 e6 8. O-O Re8 9. h3 exd5 10. exd5 Bf5 11. Bd3 Bxd3 12. Qxd3 Nbd7 13. Bf4 Ne5 14. Nxe5 dxe5 15. Bg5 Qb6 16. Rab1 h6 17. Be3 Qd6 18. Nb5 Qd7 19. Bxc5 e4 20. Qe2 b6 21.
Bd4 Rac8 22. b3 a6 23. Na3 Qd6 24. Nc2 Nh5 25. Bxg7 Kxg7 26. Qe3 b5 27. Qd4+ Kh7 28. Ne3 Nf4 29. Rb2 f5 30. Rd1 Nd3 31. Re2 h5 32. h4 Re7 33. g3 f4 34. Nf1 Rce8 35. Rxd3 exd3 36. Rxe7+ Rxe7 37. Qxd3 fxg3 38. Nxg3 bxc4 39. bxc4 1-0

[Event "*** SCC Grand Prix: Titled Tuesday Blitz"]
[Site "Chess.com"]
[Date "2020.06.09"]
[Round "7"]
[White "Quiet_Desperation"]
[Black "tan275"]
[Result "1/2-1/2"]
[WhiteElo "1906"]
[BlackElo "2189"]
[TimeControl "180+1"]
[EndTime "10:18:29 PDT"]
[Termination "Game drawn by repetition"]

1. e4 c5 2. d4 cxd4 3. c3 Nf6 4. e5 Nd5 5. Nf3 e6 6. Bc4 d6 7. exd6 Bxd6 8. cxd4 O-O 9. Bd3 Bb4+ 10. Bd2 Bxd2+ 11. Nbxd2 Nd7 12. O-O N7f6 13. Ne5 b6 14. Rc1 Bb7 15. Ne4 Nf4 16. Nxf6+ Qxf6 17. f3 Qg5 18. g3 Nxd3 19.
Qxd3 Rfd8 20. Nxf7 Kxf7 21. Rc7+ Kg8 22. Rxb7 Qd5 23. Rc7 Qxd4+ 24. Qxd4 Rxd4 25. Re1 Rd6 26. Re4 Rd2 27. Rg4 g6 28. Rgc4 Rxb2 29. Rc8+ Rxc8 30. Rxc8+ Kg7 31. Rc7+ Kf6 32. Rxa7 h5 33. a4 Ke5 34.
Rg7 Kf5 35. Rf7+ Ke5 36. Rg7 Kf6 37. Rb7 Ke5 38. Rg7 1/2-1/2

[Event "*** SCC Grand Prix: Titled Tuesday Blitz"]
[Site "Chess.com"]
[Date "2020.06.09"]
[Round "7"]
[White "RestartingChess"]
[Black "NidjatMamedov"]
[Result "0-1"]
[WhiteElo "2482"]
[BlackElo "2696"]
[TimeControl "180+1"]
[EndTime "10:18:30 PDT"]
[Termination "NidjatMamedov won by checkmate"]

1. e4 e5 2. Nf3 Nf6 3. Nxe5 d6 4.
Nf3 Nxe4 5. Nc3 Nxc3 6. dxc3 Be7 7. Be3 O-O 8. Bd3 Nd7 9. Qd2 c6 10. O-O-O d5 11. g4 Nc5 12. Rdg1 Re8 13. h4 Bf8 14. g5 Ne4 15. Bxe4 Rxe4 16. h5 Qa5 17. a3 Bxa3 18.
bxa3 Qxa3+ 19. Kd1 Bg4 20. Ke2 Rae8 21. g6 fxg6 22.
hxg6 h5 23. Rxg4 hxg4 24. Ng5 Qa6+ 25. Qd3 Qxd3+ 26. cxd3 Ra4 27. Rh4 b6 28. Kf1 Kf8 29. Rh7 c5 30. Bf4 Rxf4 31. Nf7 g3 32. Nd6 Rxf2+ 33.
Kg1 Re1# 0-1

[Event "*** SCC Grand Prix: Titled Tuesday Blitz"]
[Site "Chess.com"]
[Date "2020.06.09"]
[Round "7"]
[White "AndrewDGreen"]
[Black "alexrustemov"]
[Result "1-0"]
[WhiteElo "2352"]
[BlackElo "2665"]
[TimeControl "180+1"]
[EndTime "10:18:30 PDT"]
[Termination "AndrewDGreen won by checkmate"]

1. e4 e6 2. Nf3 d5 3. Nc3 Nf6 4. e5 Nfd7 5. d4 Be7 6. a3 b6 7. h4 Ba6 8. Bxa6 Nxa6 9. Ng5 h6 10. Nxe6 fxe6 11. Qh5+ Kf8 12. Rh3 Kg8 13. Rf3 Qe8 14.
Qg4 Nf8 15. h5 c6 16. Rg3 Qf7 17. Rf3 Qe8 18. Rg3 Rh7 19. Bxh6 Qf7 20. Rf3 Rxh6 21. Rxf7 Kxf7 22. O-O-O Kg8 23. Rd3 Nc7 24. Rg3 Rh7 25.
f4 Re8 26. h6 g6 27. f5 exf5 28. Qxf5 Bd8 29. Kb1 Nce6 30. Rxg6+ Kh8 31. Rg4 Rxh6 32.
Qf7 Re7 33. Rg8# 1-0

[Event "*** SCC Grand Prix: Titled Tuesday Blitz"]
[Site "Chess.com"]
[Date "2020.06.09"]
[Round "7"]
[White "Training_Day"]
[Black "Bayernbk"]
[Result "1/2-1/2"]
[WhiteElo "2316"]
[BlackElo "2446"]
[TimeControl "180+1"]
[EndTime "10:18:30 PDT"]
[Termination "Game drawn by repetition"]

1. e4 d5 2. exd5 Nf6 3. Nf3 Bg4 4. Bb5+ Bd7 5. Be2 Nxd5 6. d4 Bg4 7. h3 Bh5 8. O-O e6 9. Ne5 Bxe2 10. Qxe2 a6 11. c4 Nf6 12. Rd1 Be7 13. Nc3 O-O 14. Bf4 Nbd7 15. Qf3 c6 16. d5 Nxe5 17. Bxe5 cxd5 18.
cxd5 Nxd5 19. Nxd5 exd5 20. Rxd5 Qb6 21. Rad1 Rad8 22. Qg3 Qg6 23. Rd7 Qxg3 24. Bxg3 Rfe8 25. b3 Kf8 26. Bc7 Rxd7 27. Rxd7 b5 28. Kf1 Rc8 29. Bf4 g5 30. Be3 Rc2 31. Rd2 Rxd2 32. Bxd2 Ke8 33. Ke2 Kd7 34. Kd3 Ke6 35. g4 Kd5 36. f3 Bd8 37. Bc3 Bc7 38. Bd2 Bf4 39.
Bc3 Be5 40. Bd2 h6 41. Bb4 Bg7 42. Bd2 Be5 43. Bb4 Bg7 44. Bd2 Be5 1/2-1/2

[Event "*** SCC Grand Prix: Titled Tuesday Blitz"]
[Site "Chess.com"]
[Date "2020.06.09"]
[Round "7"]
[White "MFBerna"]
[Black "IwkooO"]
[Result "0-1"]
[WhiteElo "2404"]
[BlackElo "2581"]
[TimeControl "180+1"]
[EndTime "10:18:32 PDT"]
[Termination "IwkooO won on time"]

1. e4 c5 2. Nf3 Nc6 3. d4 cxd4 4. Nxd4 Qb6 5. Nb3 Nf6 6. Nc3 e6 7. Be2 Bb4 8. Be3 Qc7 9. f3 d5 10. O-O Bxc3 11. bxc3 dxe4 12. fxe4 Nxe4 13. Qd3 f5 14. Bh5+ g6 15. Bf3 Ne5 16. Qd4 Nxf3+ 17. gxf3 e5 18.
Qa4+ Bd7 19. Qa5 Qxa5 20. Nxa5 Nxc3 21. Nxb7 Bc6 22. Na5 Bd5 23. Bd2 Ne2+ 24. Kf2 Nd4 25. f4 e4 26. Bc3 e3+ 27. Kxe3 Nxc2+ 28. Kd2 Nxa1 29. Bxh8 O-O-O 30. Bxa1 Bc4+ 31. Ke1 Bxf1 32. Nc6 Rd6 33. Nxa7+ Kb7 34. Kxf1 Kxa7 35. Be5 Rd2 0-1

[Event "*** SCC Grand Prix: Titled Tuesday Blitz"]
[Site "Chess.com"]
[Date "2020.06.09"]
[Round "7"]
[White "amiralfio"]
[Black "Belka1989"]
[Result "1/2-1/2"]
[WhiteElo "2373"]
[BlackElo "2453"]
[TimeControl "180+1"]
[EndTime "10:18:32 PDT"]
[Termination "Game drawn by agreement"]

1. d4 Nf6 2. Bf4 c5 3. d5 b5 4. c4 bxc4 5. Nc3 Bb7 6. e4 Qa5 7.
Qd2 d6 8. Bxc4 Nbd7 9. Nf3 g6 10. O-O Bg7 11. e5 dxe5 12. Nxe5 O-O 13. Nc6 Bxc6 14.
dxc6 Nb6 15. Be2 Rfd8 16. Qc2 Nbd5 17. Bg3 Rac8 18. Nxd5 Nxd5 19. Rfd1 Nb4 20. Rxd8+ Rxd8 21. Qe4 Bxb2 22. c7 Bxa1 23. Qxe7 Nc6 24. Qxd8+ Nxd8 25. c8=Q Bf6 26. h4 Kg7 27. h5 Qxa2 28. Bf3 Qe6 29.
Qxc5 h6 30. hxg6 fxg6 31. Qxa7+ Qe7 32. Qa2 Nf7 33. Qa8 Ng5 1/2-1/2

[Event "*** SCC Grand Prix: Titled Tuesday Blitz"]
[Site "Chess.com"]
[Date "2020.06.09"]
[Round "7"]
[White "TheBigBadChessDad"]
[Black "pedro_gines"]
[Result "1-0"]
[WhiteElo "2277"]
[BlackElo "2451"]
[TimeControl "180+1"]
[EndTime "10:18:33 PDT"]
[Termination "TheBigBadChessDad won on time"]

1. d4 Nf6 2. Nf3 b6 3. Bf4 Bb7 4. e3 d6 5. h3 Nbd7 6. Nbd2 g6 7. c3 Bg7 8. Bd3 O-O 9. Qe2 c5 10. O-O Re8 11. e4 e5 12. dxe5 dxe5 13. Bg5 h6 14. Bxf6 Nxf6 15. Bb5 Re7 16. Rad1 Qf8 17. Ba6 Bc6 18. Rfe1 Nh5 19. g3 Rd8 20. Nc4 Rxd1 21. Rxd1 f5 22. Nd6 fxe4 23. Nxe4 Qf5 24. Rd8+ Kh7 25. Bd3 Nf4 26. gxf4 Qxf4 27. Qe3 c4 28. Bc2 b5 29. Rd6 Ba8 30. Qxf4 exf4 31. Ned2 Kg8 32. Bxg6 Bc6 33. Rd8+ Be8 34. Rxe8+ 1-0

[Event "*** SCC Grand Prix: Titled Tuesday Blitz"]
[Site "Chess.com"]
[Date "2020.06.09"]
[Round "7"]
[White "Bubachess1608"]
[Black "szefru"]
[Result "1-0"]
[WhiteElo "2289"]
[BlackElo "2135"]
[TimeControl "180+1"]
[EndTime "10:18:33 PDT"]
[Termination "Bubachess1608 won by resignation"]

1. e4 e5 2. Bc4 Nc6 3. d3 Nf6 4. Nf3 d6 5. O-O Bg4 6. h3 Bh5 7. c3 Be7 8. Bb3 O-O 9. g4 Bg6 10. Be3 a5 11. a4 h5 12. g5 Ne8 13. h4 Kh7 14. Nbd2 f6 15. d4 fxg5 16. Bxg5 exd4 17.
cxd4 Nxd4 18. Nxd4 Bxg5 19. Ne6 Qf6 20. Nxg5+ Kh8 21.
Nc4 Qf4 22. Ne6 Qxh4 23. Nxf8 Qg5+ 24. Kh2 Qh4+ 25. Kg2 Bxe4+ 26. f3 Qg5+ 27. Kf2 Nf6 28. fxe4 Rxf8 29. Ke2 Qg2+ 30. Kd3 Qxe4+ 31. Kd2 Qd4+ 32. Kc2 Qe4+ 33. Qd3 Qg2+ 34. Kb1 Re8 35. Ka2 Re2 36. Rab1 d5 37. Nxa5 Ne4 38. Bxd5 Nc5 39. Bxg2 Nxd3 40.
Rf8+ Kh7 41. Bf1 Nb4+ 42. Kb3 Re3+ 43. Kxb4 b6 44. Nc4 Re4 45. Bd3 1-0

[Event "*** SCC Grand Prix: Titled Tuesday Blitz"]
[Site "Chess.com"]
[Date "2020.06.09"]
[Round "7"]
[White "carlesdc96"]
[Black "Nyzhnyk_Illia"]
[Result "0-1"]
[WhiteElo "2745"]
[BlackElo "2904"]
[TimeControl "180+1"]
[EndTime "10:18:36 PDT"]
[Termination "Nyzhnyk_Illia won by resignation"]

1. e4 c6 2. Nc3 d5 3. Nf3 Bg4 4. Be2 e6 5. d4 Nf6 6. e5 Nfd7 7. Ng5 Bf5 8. Bd3 Bxd3 9. Qxd3 h6 10. Qh3 Qe7 11. f4 g6 12. Nf3 Bg7 13. Be3 a6 14. a4 c5 15. O-O Nc6 16. dxc5 Nxc5 17. Nd4 h5 18. Nxc6 bxc6 19. b4 Nd7 20. b5 c5 21. Bd2 O-O 22. Rfe1 Nb6 23. Red1 axb5 24. axb5 Nc4 25. Be1 Qb7 26. Qf3 Rfb8 27. h3 Rxa1 28.
Rxa1 Ra8 29. Rxa8+ Qxa8 30. Kh2 Qa1 31. Qd1 Qa3 32. Qb1 d4 33. b6 Nxb6 34. Qxb6 dxc3 35. Qd8+ Kh7 36. Qd3 Qa4 37. g3 h4 38. Qxc3 hxg3+ 39. Bxg3 Bh6 40. Qe3 Qxc2+ 41. Kg1 c4 42. h4 c3 43. Be1 Qd1 44. Qxc3 Bxf4 45. Kg2 Qe2+ 46. Bf2 Bxe5 47. Qf3 Qxf3+ 48. Kxf3 f5 49. Be3 Bf6 50. Bf2 e5 51. Bg3 Kg7 52. Ke3 f4+ 53. Bxf4 exf4+ 54. Kxf4 Bxh4 0-1

[Event "*** SCC Grand Prix: Titled Tuesday Blitz"]
[Site "Chess.com"]
[Date "2020.06.09"]
[Round "7"]
[White "Anaj14"]
[Black "GoValya"]
[Result "1-0"]
[WhiteElo "2290"]
[BlackElo "2179"]
[TimeControl "180+1"]
[EndTime "10:18:36 PDT"]
[Termination "Anaj14 won by resignation"]

1. g3 g6 2. Bg2 Bg7 3. e3 c5 4. d3 Nc6 5. Ne2 d6 6. c4 Nf6 7. Nbc3 O-O 8. O-O e6 9. a3 d5 10. cxd5 exd5 11. d4 c4 12. b3 Na5 13. Qd2 Nxb3 14.
Qa2 Nxa1 15. Qxa1 Be6 16. a4 a6 17. a5 b5 18. axb6 Qxb6 19. Ba3 Rfb8 20. Bc5 Qb2 21. Qa4 Nd7 22. Bd6 Nb6 23. Qa5 Nd7 24. Bxb8 Qxb8 25.
Nxd5 Bxd5 26. Bxd5 Ra7 27. Bxc4 h5 28. Nf4 Kh7 29. h4 Nf6 30. Bd3 Qd6 31. Nxh5 Nxh5 32. Qxh5+ Kg8 33. Qc5 Qxc5 34. dxc5 a5 35. c6 a4 36. Rc1 Be5 37. Rc2 a3 38. Bc4 Bb2 39.
Ba2 Rc7 40. Kf1 Kg7 41. Ke2 Kf6 42. Rc5 Ke7 43. Kd3 Kd6 44. Rc2 f6 45. g4 Ke5 46.
h5 g5 47. h6 Kd6 48. f4 Ke7 49. h7 f5 50. Rxb2 axb2 51. h8=Q b1=Q+ 52. Bxb1 1-0

[Event "*** SCC Grand Prix: Titled Tuesday Blitz"]
[Site "Chess.com"]
[Date "2020.06.09"]
[Round "7"]
[White "joksijoksi"]
[Black "Harry_Rakkel"]
[Result "0-1"]
[WhiteElo "2360"]
[BlackElo "2511"]
[TimeControl "180+1"]
[EndTime "10:18:37 PDT"]
[Termination "Harry_Rakkel won by resignation"]

1. d4 Nf6 2. c4 e6 3. Nc3 Bb4 4. f3 d5 5. cxd5 exd5 6. a3 Bd6 7.
e4 dxe4 8. fxe4 Ng4 9. e5 Bxe5 10.
dxe5 Qxd1+ 11. Nxd1 Nxe5 12. Bf4 Nbc6 13. Bb5 O-O 14. Bxc6 Nxc6 15. Bxc7 Nd4 16. Kf2 Nb3 17. Rb1 Bf5 18. Nc3 Bxb1 19. Nxb1 Rac8 20. Bf4 Rc2+ 21. Ne2 Re8 22. Nc3 Nd4 23. Be3 Nxe2 24. Nxe2 Rxb2 25. Rc1 a5 26. Kf3 b5 27. Nd4 h6 28. Rc5 Rb8 29. Nc6 Ra8 30. Nd4 b4 31. axb4 Rxb4 32. Nc2 Rb2 33. Bd4 Rb3+ 34. Ke2 a4 35. Kd2 a3 36. Rc3 Rxc3 37. Kxc3 f6 38. Kb3 a2 39. Ba1 Re8 40.
Kxa2 Re2 41. Kb3 Rxg2 42. h3 Rh2 43. Kc4 Rxc2+ 0-1

[Event "*** SCC Grand Prix: Titled Tuesday Blitz"]
[Site "Chess.com"]
[Date "2020.06.09"]
[Round "7"]
[White "SergioGarciaFuentes"]
[Black "Susal_De_Silva"]
[Result "0-1"]
[WhiteElo "2222"]
[BlackElo "2359"]
[TimeControl "180+1"]
[EndTime "10:18:37 PDT"]
[Termination "Susal_De_Silva won by resignation"]

1. Nf3 Nf6 2. g3 b6 3. Bg2 Bb7 4. O-O g6 5. b3 Bg7 6. Bb2 O-O 7. d4 e6 8. c4 d6 9. Re1 Nbd7 10.
Nbd2 Ne4 11. Qc2 Nxd2 12. Qxd2 f5 13. Ng5 Bh6 14. Bxb7 Bxg5 15. f4 Rb8 16. Bg2 Bh6 17. e4 e5 18. dxe5 Nxe5 19. Qd5+ Nf7 20. exf5 gxf5 21.
Qxf5 Qc8 22. Qf6 Qg4 23. Bd5 Bg7 24. Qxg7+ Qxg7 25. Bxg7 Kxg7 26. Re7 Kf6 27. Rxc7 Nh6 28. Rxh7 Nf5 29. Re1 Nd4 30. Kg2 Rbe8 31. Rxe8 Rxe8 32. Rxa7 Re3 33. h4 Kf5 34. Rf7+ Kg6 35. h5+ Kxh5 36. Rh7+ Kg6 37. Rh1 Re2+ 38. Kh3 Rxa2 39. Rh2 Ra1 40. g4 Rf1 41. f5+ Kg5 42. Kg3 Rg1+ 43. Bg2 Rb1 44. Rh5+ Kf6 45. Rh6+ Ke5 46. Re6+ Nxe6 0-1

[Event "*** SCC Grand Prix: Titled Tuesday Blitz"]
[Site "Chess.com"]
[Date "2020.06.09"]
[Round "7"]
[White "Oleksandr_Bortnyk"]
[Black "praveenb2002"]
[Result "0-1"]
[WhiteElo "2938"]
[BlackElo "2773"]
[TimeControl "180+1"]
[EndTime "10:18:38 PDT"]
[Termination "praveenb2002 won on time"]

1. e4 c6 2. c4 d5 3. cxd5 cxd5 4.
exd5 Nf6 5. Qa4+ Nbd7 6. Nc3 g6 7. Bc4 Bg7 8. d3 O-O 9. Nf3 Nb6 10. Qb3 Bg4 11.
Ne5 Bf5 12. O-O Nfxd5 13. Nxf7 Rxf7 14. Nxd5 Nxc4 15. dxc4 e6 16. Nf4 Qd4 17. Re1 Rc8 18. c5 e5 19. Be3 Qe4 20. Ne6 h6 21. Nxg7 Bd7 22. Bxh6 Qh4 23. Qe3 Kh7 24. Bg5 Qb4 25. Qxe5 Rxc5 26. Qd6 Rxf2 27. Qg3 Rcc2 28. Re7 Rxg2+ 29.
Qxg2 Rxg2+ 30. Kxg2 Bc6+ 31. Kg3 Qd6+ 0-1

[Event "*** SCC Grand Prix: Titled Tuesday Blitz"]
[Site "Chess.com"]
[Date "2020.06.09"]
[Round "7"]
[White "bulletteemo"]
[Black "Haapana"]
[Result "1-0"]
[WhiteElo "2538"]
[BlackElo "2391"]
[TimeControl "180+1"]
[EndTime "10:18:39 PDT"]
[Termination "bulletteemo won by resignation"]

1. e4 e6 2. d4 d5 3. e5 c5 4. c3 Nc6 5. Nf3 Bd7 6. a3 a5 7. Bd3 Qb6 8. Bc2 Nh6 9. O-O cxd4 10. cxd4 Nf5 11. Bxf5 exf5 12. Nc3 Be6 13. Qd3 Be7 14.
Be3 O-O 15. h4 a4 16. h5 h6 17. Rfc1 Rfc8 18. Ne2 Na5 19. Ng3 Nb3 20. Rxc8+ Rxc8 21.
Rd1 Qc6 22. Nxf5 Bf8 23. Ne1 Qc4 24. Qb1 Bxf5 25. Qxf5 Qe2 26. Rb1 Rc6 27. Qd3 Qxh5 28. Qb5 Qg6 29. Rd1 Qe6 30. Qxa4 Rc4 31. Qxb3 1-0

[Event "*** SCC Grand Prix: Titled Tuesday Blitz"]
[Site "Chess.com"]
[Date "2020.06.09"]
[Round "7"]
[White "NateSolon"]
[Black "CarlosAlbornoz"]
[Result "1-0"]
[WhiteElo "2545"]
[BlackElo "2703"]
[TimeControl "180+1"]
[EndTime "10:18:41 PDT"]
[Termination "NateSolon won by resignation"]

1. d4 Nf6 2. Bf4 g6 3. Nc3 d6 4. e4 c6 5. Nf3 b5 6. Bd3 Bg7 7. O-O O-O 8. h3 Nbd7 9. Re1 b4 10. Ne2 Qc7 11. Qd2 e5 12. Bh2 a5 13. c3 bxc3 14.
bxc3 Bb7 15. Rad1 Rfd8 16. a4 Ba6 17. Nc1 Bb7 18. Bc4 Nb6 19. Bb3 Re8 20. dxe5 dxe5 21. Nd3 Nfd7 22. Ng5 Re7 23. Qa2 Rf8 24. f4 c5 25. Bxf7+ Rfxf7 26. Nxf7 Rxf7 27. fxe5 Nxe5 28. Rf1 c4 29. Nxe5 Bxe5 30. Bxe5 Rxf1+ 31. Rxf1 Qxe5 32. Qf2 Qd6 33. Qf7+ Kh8 34. Qxb7 Nd7 35. Qd5 Qb6+ 36. Kh1 Qd8 37. Rd1 1-0

[Event "*** SCC Grand Prix: Titled Tuesday Blitz"]
[Site "Chess.com"]
[Date "2020.06.09"]
[Round "7"]
[White "Escanor89"]
[Black "ftorodent"]
[Result "0-1"]
[WhiteElo "2518"]
[BlackElo "2669"]
[TimeControl "180+1"]
[EndTime "10:18:41 PDT"]
[Termination "ftorodent won by resignation"]

1. c4 f5 2. Nc3 Nf6 3. g3 g6 4.
Bg2 Bg7 5. d4 O-O 6. Nf3 d6 7. O-O Qe8 8. b3 e5 9. Bb2 e4 10. Ne1 c6 11. Nc2 d5 12. cxd5 cxd5 13. Ba3 Rf7 14. Rc1 Be6 15. Bd6 Nc6 16. a4 a6 17. Nb4 Rc8 18. Nxc6 Rxc6 19. Ba3 Rfc7 20. Qd2 Qc8 21. Nb1 Bf8 22. Rxc6 Rxc6 23. Rc1 Rxc1+ 24.
Qxc1 Qxc1+ 25. Bxc1 Kf7 26. Ba3 Bxa3 27. Nxa3 g5 28.
e3 f4 29. Nc2 Bg4 30. Kf1 Bd1 31. Na1 f3 32. Bh1 g4 33. Ke1 Be2 34. Nc2 a5 35.
Na3 Ke7 36. Kd2 Kd6 37. Kc3 Nd7 38. Kb2 Kc6 39. Nb1 Bd3 40. Nc3 b5 41. Na2 Nb6 42. Nc3 Bf1 0-1

[Event "*** SCC Grand Prix: Titled Tuesday Blitz"]
[Site "Chess.com"]
[Date "2020.06.09"]
[Round "7"]
[White "Nikolaj_6"]
[Black "froylanajedrez"]
[Result "1-0"]
[WhiteElo "2560"]
[BlackElo "2333"]
[TimeControl "180+1"]
[EndTime "10:18:41 PDT"]
[Termination "Nikolaj_6 won by checkmate"]

1. e4 c5 2. Nf3 Nc6 3. Bb5 g6 4. Bxc6 dxc6 5. O-O Bg7 6. h3 Nf6 7. d3 Nd7 8. Nbd2 e5 9. a3 Nf8 10. b4 Ne6 11. Bb2 Qc7 12. Nc4 f6 13. Bc1 O-O 14.
Be3 b5 15. Na5 f5 16. Re1 f4 17. Bd2 g5 18. Nb3 c4 19. dxc4 Rd8 20. c5 Qe7 21.
Nh2 Nd4 22. Nxd4 Rxd4 23. Qe2 Be6 24. Red1 Rad8 25. Bc3 Bc4 26. Qe1 R4d7 27. Rxd7 Qxd7 28. Nf3 Qe7 29. Rd1 Rf8 30. Rd6 h5 31. Qd2 g4 32.
hxg4 hxg4 33. Rd7 Qe6 34. Rxg7+ Kxg7 35. Nxe5 Kg8 36. Qd4 Rf6 37. Nxc4 Rh6 38. Qg7# 1-0

[Event "*** SCC Grand Prix: Titled Tuesday Blitz"]
[Site "Chess.com"]
[Date "2020.06.09"]
[Round "7"]
[White "Batsai"]
[Black "ajian"]
[Result "0-1"]
[WhiteElo "2303"]
[BlackElo "2444"]
[TimeControl "180+1"]
[EndTime "10:18:42 PDT"]
[Termination "ajian won on time"]

1. e4 c5 2. Nf3 Nc6 3. d4 cxd4 4.
Nxd4 Nf6 5. Nc3 e5 6. Ndb5 d6 7. Bg5 a6 8. Na3 b5 9. Nd5 Be7 10. Bxf6 Bxf6 11. c3 O-O 12. Be2 Rb8 13. Nc2 Bg5 14.
O-O Be6 15. Bg4 a5 16. Nce3 Qd7 17. Kh1 g6 18. f4 exf4 19. Rxf4 Ne5 20. Be2 Qa7 21.
Qf1 Bxf4 22. Nf6+ Kg7 23. Qxf4 Qe7 24. Rf1 Nd7 25. Neg4 Bxg4 26. Nxg4 f5 27. Qh6+ Kg8 28. Bd1 fxg4 29. Bb3+ Kh8 30. Rxf8+ Rxf8 31. Kg1 d5 32. Bxd5 Qc5+ 0-1

[Event "*** SCC Grand Prix: Titled Tuesday Blitz"]
[Site "Chess.com"]
[Date "2020.06.09"]
[Round "7"]
[White "earling8018"]
[Black "pooh2012"]
[Result "0-1"]
[WhiteElo "2082"]
[BlackElo "2420"]
[TimeControl "180+1"]
[EndTime "10:18:43 PDT"]
[Termination "pooh2012 won on time"]

1. d4 Nf6 2. c4 e6 3. Nf3 c5 4. Nc3 cxd4 5. Nxd4 Bb4 6. Bd2 O-O 7. e3 Nc6 8. Bd3 Nxd4 9. exd4 d5 10. c5 Re8 11.
O-O e5 12. Nb5 Bxd2 13. Qxd2 exd4 14. Nxd4 Qc7 15. b4 a6 16. Rfe1 Bd7 17. h3 Ne4 18. Qc2 Bc6 19. a4 Nf6 20. Nf5 Qf4 21. Qb2 Bd7 22. Nd6 Rxe1+ 23. Rxe1 b6 24. Qe5 Qxe5 25.
Rxe5 bxc5 26. bxc5 Bxa4 27. Nf5 Bd7 28. Nd4 a5 29. c6 Be6 30. Re1 a4 0-1

[Event "*** SCC Grand Prix: Titled Tuesday Blitz"]
[Site "Chess.com"]
[Date "2020.06.09"]
[Round "7"]
[White "ARMQUEEN"]
[Black "bsnsun"]
[Result "1-0"]
[WhiteElo "2316"]
[BlackElo "2424"]
[TimeControl "180+1"]
[EndTime "10:18:43 PDT"]
[Termination "ARMQUEEN won by resignation"]

1. e4 c5 2. Nc3 Nc6 3. Bb5 Nd4 4. Bc4 g6 5. Nf3 Bg7 6. Nxd4 cxd4 7. Qf3 f5 8. Nb5 a6 9. Na3 Qa5 10. O-O e6 11.
exf5 Qxf5 12. Qg3 Ne7 13. Bd3 Qf6 14. Nc4 O-O 15. Nb6 Ra7 16. b3 Nc6 17. Ba3 Re8 18. Bc5 Bf8 19. Nxc8 Bxc5 20. Nxa7 Bxa7 21. Qc7 Bb8 22.
Qxb7 Ne5 23. f4 Nxd3 24. cxd3 Rd8 25. Rac1 Bd6 26. Qxa6 Bb4 27. Rc8 Bxd2 28. Rxd8+ Qxd8 29. Qd6 Be3+ 30. Kh1 Qa5 31. Qxd7 Qa6 32. Qd8+ Kg7 33.
Qc7+ Kh6 34. Qc2 Qa5 35. a4 Qb4 36. h3 Qd6 37. Qe2 Bxf4 38. Qg4 Be3 39. Qh4+ Kg7 40. Qf6+ Kh6 41. Qf8+ Qxf8 42. Rxf8 1-0

[Event "*** SCC Grand Prix: Titled Tuesday Blitz"]
[Site "Chess.com"]
[Date "2020.06.09"]
[Round "7"]
[White "FMalexhdez"]
[Black "publicaccountcze"]
[Result "1-0"]
[WhiteElo "2117"]
[BlackElo "2229"]
[TimeControl "180+1"]
[EndTime "10:18:43 PDT"]
[Termination "FMalexhdez won on time"]

1. e4 e6 2. d4 d5 3. exd5 exd5 4.
Bd3 Bd6 5. c3 Ne7 6. Ne2 Be6 7.
Bf4 Nbc6 8. O-O Qd7 9. Nd2 f6 10. Nf3 g5 11. Bxd6 Qxd6 12. b4 h5 13.
b5 Nd8 14. Nd2 h4 15. c4 c6 16. bxc6 bxc6 17. Re1 g4 18. Nc3 Kf7 19. cxd5 cxd5 20. Nb5 Qf4 21. g3 hxg3 22. fxg3 Qh6 23. Qe2 Rb8 24. Nf1 Rb6 25. Rac1 a6 26. Nc7 Bf5 27. Qxe7+ Kg6 28. Bxf5+ Kxf5 29. Rc2 Kg6 30. Rf2 Rf8 31. Nxd5 Re6 32. Nf4+ Kg5 33. Nxe6+ Nxe6 34. Qxe6 1-0